 Dungeon Crawl Stone Soup version 0.24.0-13-gcf9b319 (webtiles) character file.

Game seed: 3245713455120549801, levelgen mode: deterministic

346 Fang the Skirmisher (level 6, -12/60 HPs)
             Began as a Gargoyle Berserker on Dec 9, 2019.
             Was a Priest of Trog.
             Mangled by Menkaure (18 damage)
             ... on level 5 of the Dungeon.
             The game lasted 00:06:25 (2674 turns).

Fang the Skirmisher (Gargoyle Berserker)            Turns: 2674, Time: 00:06:25

Health: -12/60     AC: 13    Str: 30    XL:     6   Next: 59%
Magic:  6/6        EV: 10    Int:  7    God:    Trog [***...]
Gold:   184        SH:  0    Dex:  9    Spells: 5/5 levels left

rFire    . . .     SeeInvis .   a - +0 war axe
rCold    . . .     Gourm    .   (no shield)
rNeg     + . .     Faith    .   b - +0 chain mail
rPois    ∞         Spirit   .   (no helmet)
rElec    +         Reflect  .   (no cloak)
rCorr    .         Harm     .   (no gloves)
MR       .....                  (no boots)
Stlth    ..........             (no amulet)
HPRegen  0.20/turn              p - +2 ring of strength
MPRegen  0.10/turn              y - ring of flight

@: berserking, very quick
A: negative energy resistance 1, electricity resistance, unbreathing,
petrification resistance, rot immunity, AC +4
a: Berserk, Trog's Hand, Renounce Religion, Evoke Flight


You were on level 5 of the Dungeon.
You worshipped Trog.
Trog was most pleased with you.
You were very hungry.

You visited 1 branch of the dungeon, and saw 5 of its levels.

You collected 184 gold pieces.

Inventory:

Hand Weapons
 a - a +0 war axe (weapon)
Armour
 b - a +0 chain mail (worn)
Jewellery
 l - an uncursed ring of protection from cold
 p - a +2 ring of strength (left hand)
 y - a ring of flight (right hand)
Scrolls
 f - 2 scrolls of identify
 g - 5 scrolls of magic mapping {unknown}
 h - a scroll of fear {unknown}
 i - a scroll of remove curse
 k - a scroll of teleportation
 m - 2 scrolls of noise {unknown}
 o - a scroll of enchant weapon {unknown}
 s - a scroll of blinking {unknown}
 t - a scroll of immolation {unknown}
 w - 2 scrolls of fog {unknown}
 x - a scroll of enchant armour {unknown}
Potions
 e - a potion of degeneration {unknown}
 j - 3 potions of might
 n - a potion of magic {unknown}
 q - a potion of agility {unknown}
 r - a potion of curing {unknown}
 u - a potion of invisibility {unknown}
 v - a potion of haste {unknown}
 z - a potion of heal wounds {unknown}
Comestibles
 c - 10 rations


   Skills:
 + Level 4.8 Fighting
 + Level 4.0 Axes
 + Level 4.1 Armour
 + Level 3.0 Dodging


You had 5 spell levels left.
You didn't know any spells.
Your spell library was empty.

Dungeon Overview and Level Annotations

Branches:
Dungeon (5/15)
 Temple: D:4-7

Altars:

Shops:
D:4 :

Annotations:
D:5 Menkaure


Innate Abilities, Weirdness & Mutations

You are resistant to torment.
Your stone body is resilient. (AC +4)
You are immune to poison.
You resist negative energy. (rN+)
You are resistant to electric shocks. (rElec)
You can survive without breathing.
You are immune to petrification.
You are immune to rotting.


Message History

You are too injured to fight recklessly!
You are too injured to fight recklessly!
You are too injured to fight recklessly!
You are too injured to fight recklessly!
You are too injured to fight recklessly!
You are too injured to fight recklessly!
You are too injured to fight recklessly!
You are too injured to fight recklessly!
You are too injured to fight recklessly!
You are too injured to fight recklessly!
A red film seems to cover your vision as you go berserk!
You feel yourself moving faster!
You feel mighty!
You are feeling very hungry.
The adder bites you but does no damage. Menkaure hits you!
* * * LOW HITPOINT WARNING * * *
You barely miss Menkaure.
Menkaure is heavily damaged.
Your chain mail prevents you from hitting the adder.
The adder bites you but does no damage. Menkaure hits you!!
You die...

#.##..## ..
##...#...#.#
......(....#
.!......#..
..........#
..........# ......S>.#
......M@.#
......†..### ..
...........## #....
.........#..# ....#
.........##.# ##.#..##
.........##.###.......
.........##..##.#..#
.........###.##....#
........##........#


You could see Menkaure and an adder.

Vanquished Creatures
  A hound (D:2)
  A bullfrog skeleton (D:4)
  Natasha (thrice) (D:4)
  A worker ant (D:4)
  A hound zombie (D:2)
  A howler monkey skeleton (D:5)
  4 gnolls (D:3)
  5 adders
  6 worms
  2 dart slugs
  7 leopard geckos
  An orc (D:4)
  3 ball pythons
  4 giant cockroaches
  2 goblins (D:3)
  4 hobgoblins
  4 kobolds
  A quokka (D:2)
  6 bats
  6 frilled lizards
  6 rats
69 creatures vanquished.

Notes
Turn   | Place    | Note
-------+----------+-------------------------------------------
     0 | D:1      | Fang the Gargoyle Berserker began the quest for the Orb.
     0 | D:1      | Reached XP level 1. HP: 14/14 MP: 1/1
   153 | D:1      | Reached XP level 2. HP: 15/19 MP: 2/2
   709 | D:2      | Reached XP level 3. HP: 22/24 MP: 3/3
   870 | D:2      | Reached ** piety under Trog
   882 | D:2      | Reached XP level 4. HP: 28/29 MP: 4/4
  1654 | D:3      | Reached XP level 5. HP: 30/33 MP: 5/5
  2056 | D:4      | Reached XP level 6. HP: 28/39 MP: 6/6
  2069 | D:4      | Noticed Natasha
  2078 | D:4      | Killed Natasha
  2093 | D:4      | Found Heddeah's Book Boutique.
  2399 | D:4      | Noticed Natasha
  2419 | D:4      | Killed Natasha
  2613 | D:4      | Noticed Natasha
  2617 | D:4      | Killed Natasha
  2641 | D:5      | Entered Level 5 of the Dungeon
  2644 | D:5      | Reached *** piety under Trog
  2662 | D:5      | Noticed Menkaure
  2674 | D:5      | Mangled by Menkaure

Levels and vault maps discovered:
D:1:      erik_arrival_triangle_small, layout_loops_ring
D:2:      layout_loops_cross, st_stairs_1, kennysheep_donut,
          kennysheep_generic_room_9
D:3:      layout_rooms, minmay_misc_feat_alley
D:4:      layout_cave_pools, serial_shops, kennysheep_little_box,
          serial_column_ruins, column_ruins_corridor_plus,
          column_ruins_open_small, column_ruins_open_medium,
          column_ruins_grid_1, column_ruins_grid_2, column_ruins_open_tiny,
          first_ration, uniq_natasha
D:5:      layout_rooms, serial_shops, shop, chequers_serial_rivers_micro_b,
          uniq_menkaure

Skill      XL: |  1  2  3  4  5  6 |
---------------+-------------------+-----
Axes           | 3 4 |  4.0
Dodging        | 2 3 |  3.0
Armour         | 3 4 |  4.1
Fighting       | 4 |  4.8

Action                   |  1- 3 |  4- 6 || total
-------------------------+-------+-------++-------
Melee: Hand axe          |    81 |   105 ||   186
       War axe           |       |    92 ||    92
Invok: Berserk           |       |     3 ||     3
  Use: Scroll            |       |     3 ||     3
 Stab: Sleeping          |     1 |       ||     1
  Eat: Chunk             |       |     8 ||     8
Armor: Animal skin       |    11 |       ||    11
       Chain mail        |    29 |   166 ||   195
Dodge: Dodged            |    47 |   109 ||   156
